 Dungeon Crawl Stone Soup version 0.30-a0-802-gb92711bcdf (webtiles) character file.

Game seed: 12978750658429266162

1775 Iich the Cleaver (level 9, -3/123 HPs)
             Began as a Hill Orc Fighter on Feb 25, 2023.
             Was an Initiate of Gozag.
             Killed from afar by a smoke demon (4 damage)
             ... with a sticky flame
             ... summoned by a kobold demonologist
             ... on level 7 of the Dungeon.
             The game lasted 00:08:22 (5890 turns).

Iich the Cleaver (Hill Orc Fighter)                 Turns: 5890, Time: 00:08:22

Health: -3/123     AC: 24    Str: 19      XL:     9   Next: 7%
Magic:  0/9        EV:  2    Int:  8      God:    Gozag
Gold:   253        SH: 13    Dex: 12 (14) Spells: 8/8 levels left

rFire   . . .      SeeInvis .    a - +0 war axe
rCold   . . .      Faith    .    G - +0 tower shield
rNeg    . . .      Spirit   +    (body armour currently unavailable)
rPois   +          Reflect  .    (helmet currently unavailable)
rElec   .          Harm     .    (cloak currently unavailable)
rCorr   .          Rampage  .    (gloves currently unavailable)
Will    .....      NoTele   +    (boots currently unavailable)
Stlth   +                        t - amulet of guardian spirit
HPRegen 0.40/turn                (no ring)
MPRegen 0.11/turn                (no ring)

@: on fire, tree-form, weakened, glowing
A: stationary, stasis, torment immunity, boosted hp
a: Renounce Religion, Potion Petition, Call Merchant, Bribe Branch


You were on level 7 of the Dungeon.
You worshipped Gozag.
Gozag was aware of your devotion.
You were a tree.
You visited 2 branches of the dungeon, and saw 8 of its levels.

You collected 407 gold pieces.
You paid 154 gold pieces to Gozag.

Inventory:

Hand Weapons
 a - a +0 war axe (weapon)
Armour
 c - a +0 buckler
 f - a scarf of harm
 g - a +0 chain mail
 o - a scarf of shadows
 q - a +2 cloak (melded)
 x - a +0 helmet (melded)
 A - a +1 pair of gloves (melded)
 B - a +0 pair of boots (melded)
 C - a +2 scale mail of poison resistance (melded)
 G - a +0 tower shield (worn)
Jewellery
 t - an amulet of guardian spirit (around neck)
Wands
 r - a wand of quicksilver (2)
 y - a wand of iceblast (2)
Scrolls
 b - a scroll of enchant weapon
 i - a scroll of immolation
 n - a scroll of torment
 s - a scroll of fog
 u - a scroll of noise
 w - 2 scrolls of brand weapon
 D - 4 scrolls of teleportation
 F - a scroll of magic mapping {unknown}
 I - a scroll of blinking {unknown}
Potions
 d - a potion of might
 e - a potion of ambrosia {unknown}
 h - 2 potions of invisibility
 j - a potion of flight {unknown}
 k - a potion of haste
 l - a potion of cancellation {unknown}
 m - a potion of brilliance {unknown}
 p - a potion of lignification
 v - 3 potions of heal wounds {unknown}
 H - a potion of degeneration {unknown}


   Skills:
 + Level 8.3 Fighting
 * Level 11.9 Axes
 - Level 3.2 Armour
 + Level 4.8 Shields


You had 8 spell levels left.
You didn't know any spells.
Your spell library contained the following spells:

 Spells                   Type           Power      Damage    Failure   Level
 Magic Dart               Conj           0%         1d3       99%         1
 Searing Ray              Conj           0%         2d4       100%        2
 Cause Fear               Hex            0%         N/A       100%        4
 Fulminant Prism          Conj/Hex       0%         3d5       100%        4
 Blade Hands              Tmut           0%         N/A       100%        5
 Borgnjor's Vile Clutch   Necr/Erth      0%         N/A       100%        5
 Irradiate                Conj/Tmut      0%         3d11      100%        5
 Death Channel            Necr           0%         N/A       100%        6
 Dragon Form              Tmut           0%         N/A       100%        7
 Dragon's Call            Summ           0%         N/A       100%        9
 Animate Dead             Necr           Unusable   N/A       N/A         4

Dungeon Overview and Level Annotations

Branches:
Dungeon (7/15)             Temple (1/1) D:6

Altars:
Ashenzari
Cheibriados
Fedhas
Gozag
Hepliaklqana
Makhleb
Okawaru
Qazlal
Ru
Sif Muna
Trog
Uskayaw
Vehumet
Wu Jian
Xom
Yredelemnul


Message History

You are covered in liquid flames!
* * * LOW HITPOINT WARNING * * *
You hear an angry buzzing noise. x2
You block the ufetubus's attack. x2
The quasit bites you but does no damage.
The quasit claws you but does no damage.
The quasit claws you.
* * * LOW HITPOINT WARNING * * *
The kobold demonologist hits you but does no damage.
The orange demon stings you but does no damage.
The orange demon hits you but does no damage.
The smoke demon hits you.
* * * LOW HITPOINT WARNING * * *
The smoke demon hits you but does no damage.
The smoke demon barely misses you. You block the ufetubus's attack.
The ufetubus hits you but does no damage.
The hellwing hits you.
* * * LOW HITPOINT WARNING * * *
The hellwing hits you but does no damage.
The crimson imp shouts, "Leave, thou peeagling toot-wallowing surfacer!"
Really quaff the potion of lignification?
You turn into a tree.
Your +2 cloak melds into your body.
Your +0 helmet melds into your body.
Your +1 pair of gloves melds into your body.
Your +0 pair of boots melds into your body.
Your +2 scale mail of poison resistance melds into your body.
You no longer feel resistant to poison.
Your roots penetrate the ground.
You are covered in liquid flames!
* * * LOW HITPOINT WARNING * * *
You block the quasit's attack.
The quasit claws you but does no damage. x2
You block the ufetubus's attack. The ufetubus completely misses you.
The kobold demonologist casts a cantrip, but nothing happens.
The orange demon stings you but does no damage.
You block the orange demon's attack. The smoke demon gestures at you.
The sticky flame hits you.
You are covered in liquid flames!
You die...
Your body crumbles into a pile of gold.

# # .###: . ..#. .#
#..## ..# #...#...#
. #....###. $
...####+###<.......
.....543$$.$.....##
$
.....5K♣5$$$..(###
.......45......#
...............#
.#.............#
#............##
#............#
##.............
#.............


You could see an orange demon (summoned), a hellwing (summoned), a kobold
demonologist, a smoke demon (summoned), a quasit (summoned), a crimson imp
(summoned), a shadow imp (summoned) and an ufetubus.

Vanquished Creatures
  2 humans (D:7)
  Menkaure (D:5)
  A water moccasin (D:5)
  An ice beast (D:3)
  An ogre (D:5)
  A centaur (D:6)
  2 necrophages
  2 scorpions (D:5)
  3 killer bees (D:7)
  5 howler monkeys
  2 hounds
  2 jellies (D:5)
  4 iguanas
  Robin (D:4)
  5 adders
  3 gnolls (D:2)
  2 white imps (D:6)
  An ufetubus (D:5)
  A worm (D:3)
  3 dart slugs
  17 orcs
  6 ball pythons
  6 endoplasms
  2 giant cockroaches
  21 goblins
  12 hobgoblins
  10 jackals
  5 kobolds
  2 quokkas
  5 bats
  5 frilled lizards
  6 rats
140 creatures vanquished.

Vanquished Creatures (others)
  15 plants (D:5)
15 creatures vanquished.

Grand Total: 155 creatures vanquished

Notes
Turn   | Place    | Note
-------+----------+-------------------------------------------
     0 | D:1      | Iich the Hill Orc Fighter began the quest for the Orb.
     0 | D:1      | Reached XP level 1. HP: 19/19 MP: 1/1
    58 | D:1      | Reached skill level 3 in Axes
    78 | D:1      | Reached XP level 2. HP: 25/27 MP: 2/2
   462 | D:1      | Reached skill level 4 in Axes
   500 | D:1      | Reached XP level 3. HP: 29/33 MP: 3/3
  1106 | D:2      | Reached XP level 4. HP: 35/41 MP: 4/4
  1108 | D:2      | Reached skill level 5 in Axes
  1916 | D:3      | Found an ornate altar of the Wu Jian Council.
  2052 | D:3      | Reached XP level 5. HP: 40/47 MP: 5/5
  2365 | D:3      | Noticed an ice beast
  2375 | D:3      | Killed an ice beast
  2376 | D:3      | Reached skill level 5 in Fighting
  2376 | D:3      | Reached skill level 6 in Axes
  2503 | D:4      | Reached XP level 6. HP: 46/56 MP: 4/6
  2645 | D:4      | Reached skill level 7 in Axes
  2718 | D:4      | Noticed Robin
  2735 | D:4      | Killed Robin
  3034 | D:4      | You fall into a shaft and drop 3 floors!
  3107 | D:7      | Found an iron altar of Okawaru.
  3110 | D:7      | Noticed a human
  3110 | D:7      | Noticed a human
  3120 | D:7      | Killed a human
  3121 | D:7      | Reached skill level 8 in Axes
  3121 | D:7      | Reached XP level 7. HP: 32/63 MP: 2/7
  3125 | D:7      | Killed a human
  3394 | D:5      | Entered Level 5 of the Dungeon
  3404 | D:5      | Reached skill level 9 in Axes
  3432 | D:5      | Reached XP level 8. HP: 30/73 MP: 4/8
  3751 | D:4      | Reached skill level 10 in Axes
  4026 | D:5      | Found a snail-covered altar of Cheibriados.
  4667 | D:5      | Noticed Menkaure
  4681 | D:5      | Killed Menkaure
  5023 | D:5      | Reached skill level 11 in Axes
  5039 | D:6      | Found a staircase to the Ecumenical Temple.
  5071 | Temple   | Entered the Ecumenical Temple
  5135 | Temple   | Became a worshipper of Gozag Ym Sagoz the Greedy
  5481 | D:7      | Reached XP level 9. HP: 41/81 MP: 4/9
  5483 | D:7      | Noticed a kobold demonologist
  5880 | D:7      | Noticed an orange demon
  5881 | D:7      | Noticed a smoke demon
  5884 | D:7      | Noticed a hellwing
  5889 | D:7      | HP: 4/82 [smoke demon[a kobold demonologist] (4)]
  5890 | D:7      | HP: 1/123 [burnt (2)]
  5890 | D:7      | Killed from afar by a smoke demon

Illustrated notes

Levels and vault maps discovered:
D:1:      giann_horns, layout_loops_ring, minmay_crystal_water
D:2:      layout_basic, amethyst_killhole, kennysheep_generic_room_4
D:3:      layout_basic, lemuel_tele_altar
D:4:      kennysheep_goblin_castle, layout_loops_corners
D:5:      layout_loops_cross, mainiacjoe_overflow_chevrons, serial_glass,
          glass_columns_c, glass_columns_b, glass_columns_a, glass_columns_a,
          glass_columns_a, glass_columns_b, glass_columns_a, glass_columns_b,
          uniq_menkaure
D:6:      layout_cave_pools, minmay_temple_entry_gardened_gates
D:7:      minmay_the_grid_octo_tiled_octocenter [minmay_the_grid_octo_odd_swirl,
          minmay_the_grid_octo_fat_diamond, minmay_the_grid_octo_thin_diamonds,
          minmay_the_grid_octo_tetromino_candy,
          minmay_the_grid_octo_prize_square_snowflake,
          minmay_the_grid_square_5x5_n,
          minmay_the_grid_square_5x5_checkered_sparse,
          minmay_the_grid_square_5x5_n_small,
          minmay_the_grid_square_5x5_dogpile], layout_basic, good_gods_temple_1,
          okawaru_humans, nicolae_dithmenos_through_a_glass_darkly,
          minmay_manual_mail
Temple:   nicolae_temple_ecumenical_triangle

Skill      XL: |  1  2  3  4  5  6  7  8 |
---------------+-------------------------+-----
Axes           | 3 4 5 6 8 9 11 | 11.9
Fighting       | 4 5 6 7 8 |  8.3
Shields        | 4 |  4.8
Armour         | |  3.2

Action                     |  1- 3 |  4- 6 |  7- 9 || total
---------------------------+-------+-------+-------++-------
  Melee: War axe           |    83 |   157 |   190 ||   430
  Evoke: Wand              |       |       |     3 ||     3
    Use: Scroll            |       |     3 |     7 ||    10
         Potion            |       |     1 |     5 ||     6
   Stab: Distracted        |       |       |     1 ||     1
 Armour: Scale mail        |    13 |       |   143 ||   156
         Chain mail        |    28 |   106 |    39 ||   173
         Skin              |       |       |     3 ||     3
  Dodge: Dodged            |    28 |    60 |    80 ||   168
  Block: Buckler           |    20 |    42 |    23 ||    85
         Tower shield      |       |       |   118 ||   118

Table legend: (Time is in decaauts)
 A = Elapsed time spent in this place.
 B = Non-inter-level travel time spent in this place.
 C = Inter-level travel time spent in this place.
 D = Time resting spent in this place.
 E = Time spent auto-exploring this place.
 F = Levels seen in this place.
 G = Mean time per level.
                   A        B        C        D        E       F      G
               +--------+--------+--------+--------+--------+-----+--------+
         Total |   5968 |   5803 |    165 |    382 |   4394 |   8 |  746.0 |
       Dungeon |   5884 |   5719 |    165 |    382 |   4347 |   7 |  840.6 |
        Temple |     83 |     83 |      0 |      0 |     47 |   1 |   83.0 |
               +--------+--------+--------+--------+--------+-----+--------+

Top non-repeatable levels by time:
     D:4: 1193 daAuts
     D:5: 1054 daAuts
     D:6: 973 daAuts
     D:1: 961 daAuts
     D:2: 867 daAuts
     D:3: 660 daAuts
     D:7: 174 daAuts
  Temple: 83 daAuts
